 Dungeon Crawl Stone Soup version 0.29-a0-297-g7659ce593d (webtiles) character file.

Game seed: 8761700311627920957

713 Dabor the Insei (level 7, 0/36 HPs)
             Began as a Vine Stalker Transmuter on Mar 21, 2022.
             Was a Follower of Uskayaw.
             Slain by an orc wizard
             ... wielding a +1 dagger of venom
              (5 damage)
             ... on level 5 of the Dungeon.
             The game lasted 00:07:35 (4644 turns).

Dabor the Insei (Vine Stalker Transmuter)           Turns: 4644, Time: 00:07:36

Health: 0/36       AC:  2    Str: 14    XL:     7   Next: 69%
Magic:  0/14       EV: 13    Int: 13    God:    Uskayaw [*.....]
Gold:   230        SH:  0    Dex: 15    Spells: 3/14 levels left

rFire   . . .      SeeInvis .     - Unarmed
rCold   . . .      Faith    .   (no shield)
rNeg    . . .      Spirit   +   a - +0 robe
rPois   .          Reflect  .   (helmet currently unavailable)
rElec   .          Harm     .   (no cloak)
rCorr   .          Rampage  .   (no gloves)
Will    .....                   (boots currently unavailable)
Stlth   +.........              (no amulet)
HPRegen 0.92/turn               (no ring)
MPRegen 0.14/turn               (no ring)

@: lethally poisoned (0 -> -6), appendages (expiring)
A: horns 2, talons 2, fangs 2, regeneration 1, magic shield, antimagic bite, no
potion heal 2
a: End Transformation, Renounce Religion, Stomp


You were on level 5 of the Dungeon.
You worshipped Uskayaw.
Uskayaw was noncommittal.
You had temporarily grown beastly horns and talons.
You visited 1 branch of the dungeon, and saw 5 of its levels.

You collected 230 gold pieces.

Inventory:

Armour
 a - a +0 robe (worn)
Jewellery
 f - a ring of poison resistance
 h - an amulet of reflection
 m - an amulet of faith
 r - a +6 ring of dexterity
Wands
 p - a wand of flame (25)
Scrolls
 e - a scroll of brand weapon {unknown}
 i - a scroll of blinking {unknown}
 j - 3 scrolls of identify {unknown}
 k - 2 scrolls of fog {unknown}
 l - 2 scrolls of teleportation {unknown}
 n - a scroll of vulnerability {unknown}
 o - a scroll of noise {unknown}
 q - a scroll of magic mapping {unknown}
 s - 2 scrolls of amnesia {unknown}
 u - a scroll of immolation {unknown}
Potions
 b - a potion of lignification
 c - 4 potions of curing {unknown}
 d - a potion of mutation {unknown}
 g - 3 potions of degeneration {unknown}
 t - a potion of cancellation {unknown}


   Skills:
 * Level 3.1 Fighting
 * Level 3.1 Dodging
 * Level 4.5 Unarmed Combat
 * Level 4.0 Spellcasting
 * Level 3.8 Transmutations
 + Level 1.4 Poison Magic
 + Level 1.9 Invocations


You had 3 spell levels left.
You knew the following spells:

 Your Spells              Type           Power      Damage    Failure   Level
a - Beastly Appendage     Tmut           24%        N/A       4%          1
b - Wereblood             Tmut           12%        N/A       6%          2
c - Spider Form           Tmut/Pois      9%         N/A       22%         3
d - Blade Hands           Tmut           6%         N/A       75%         5

Your spell library contained the following spells:

 Spells                   Type           Power      Damage    Failure   Level
 Confusing Touch          Hex            2%         N/A       52%         3
 Portal Projectile        Hex/Tloc       4%         N/A       52%         3
 Ice Form                 Ice/Tmut       7%         N/A       67%         4
 Irradiate                Conj/Tmut      3%         3d15      95%         5
 Yara's Violent Unravell  Hex/Tmut       3%         3d4       95%         5
 Excruciating Wounds      Necr           1%         N/A       99%         5
 Dragon Form              Tmut           6%         N/A       100%        7
 Enfeeble                 Hex            1%         N/A       100%        7


Dungeon Overview and Level Annotations

Branches:
Dungeon (5/15)             Temple (0/1) D:5

Altars:
Kikubaaqudgha
Qazlal
Uskayaw
Yredelemnul

Shops:
D:2 ((   D:3 (


Innate Abilities, Weirdness & Mutations

You have temporarily grown beastly horns and talons.
You have extremely sharp teeth.
Your natural rate of healing is unusually fast.
When hurt, damage is shared between your health and your magic reserves.
Your bite disrupts and absorbs the magic of your enemies.
Potions cannot restore your health.


Message History

You can no longer stomp with the beat.
The orc priest hits you with a +0 whip.
A jelly comes into view.
You can now stomp with the beat.
You barely miss the orc.
The orc is severely wounded.
The orc hits you with a +0 short sword. Something hits you.
You are poisoned.
The orc priest looks encouraged for a moment.
You hit the orc. You claw the orc.
You kill the orc!
You feel very sick.
You hear some strange, mumbled words.
Something tries to affect you, but you resist.
The orc priest hits you with a +0 whip.
Okay, then.
You hit the orc priest but do no damage.
You bite the orc priest. You drain its power.
You feel invigorated.
The orc priest is almost dead.
You feel sick. The orc priest hits you with a +0 whip.
You stomp with the beat, sending a shockwave through the revellers around you!
You kill the orc priest!
The orc is severely wounded.
You feel sick.
You hear some strange, mumbled words.
Something tries to affect you, but you resist.
The orc hits you with a +0 short sword.
You punch the orc!
You kill the orc!
You feel sick.
An ice beast comes into view.
Something hits you.
* * * LOW HITPOINT WARNING * * *
You are lethally poisoned!
You hit something but do no damage. Your kick misses something.
Your headbutt misses something.
* * * LOW HITPOINT WARNING * * *
You feel very sick. Something hits you.
You die...

>.# ..########
... .......[..
.. ##########
#.# # .. . # .#
... ####
#####.##..Y.
...# #...))....#
##.# #...@{....#
#.##
#####.........#
#..#
#......########
###.#####.######
..........#
######..### #
##...# ##
###...# .# ##.#


You could see an ice beast.

Vanquished Creatures
  2 ogres
  A necrophage (D:4)
  2 hounds
  3 jellies
  An orc priest (D:5)
  2 iguanas
  Jessica (D:2)
  An orc wizard (D:4)
  A scorpion zombie (D:3)
  3 gnolls (D:2)
  4 adders
  A shadow imp (D:5)
  A white imp (D:5)
  2 adder zombies (D:3)
  A worm (D:3)
  2 dart slugs
  7 orcs
  9 bats
  4 endoplasms
  3 giant cockroaches
  8 goblins
  6 hobgoblins
  2 jackals (D:3)
  3 quokkas
  8 ball pythons
  6 frilled lizards
  6 kobolds
  A quokka zombie (D:3)
  3 rats
94 creatures vanquished.

Vanquished Creatures (others)
  A plant (D:3)
1 creature vanquished.

Grand Total: 95 creatures vanquished

Notes
Turn   | Place    | Note
-------+----------+-------------------------------------------
     0 | D:1      | Dabor the Vine Stalker Transmuter began the quest for the
                  | Orb.
     0 | D:1      | Reached XP level 1. HP: 9/9 MP: 4/4
    22 | D:1      | Reached skill level 1 in Fighting
   201 | D:1      | Reached XP level 2. HP: 9/14 MP: 3/6
   885 | D:1      | Found a faded altar of an unknown god.
  1383 | D:1      | Prayed at the altar of an unknown god.
  1383 | D:1      | Became a worshipper of Uskayaw the Reveller
  1383 | D:1      | Reached * piety under Uskayaw
  1431 | D:2      | Noticed Jessica
  1437 | D:2      | Reached ** piety under Uskayaw
  1445 | D:2      | Killed Jessica
  1446 | D:2      | Reached XP level 3. HP: 9/18 MP: 2/8
  1672 | D:2      | Found Nebbi's Weapon Emporium.
  1747 | D:2      | Gained mutation: Your natural rate of healing is unusually
                  | fast. [Vine Stalker growth]
  1747 | D:2      | Reached XP level 4. HP: 22/22 MP: 6/9
  1799 | D:2      | Reached *** piety under Uskayaw
  1804 | D:2      | Reached **** piety under Uskayaw
  1809 | D:2      | Learned a level 2 spell: Wereblood
  1813 | D:2      | Learned a level 3 spell: Spider Form
  1908 | D:2      | Found Xioss's Weapon Boutique.
  2108 | D:2      | Reached XP level 5. HP: 26/26 MP: 8/10
  2509 | D:3      | Found a basalt altar of Yredelemnul.
  2626 | D:3      | Found Ollias's Weapon Emporium.
  2982 | D:3      | Found a stormy altar of Qazlal.
  3191 | D:4      | Reached skill level 1 in Invocations
  3234 | D:4      | Noticed an ogre
  3268 | D:4      | Killed an ogre
  3269 | D:4      | Reached XP level 6. HP: 10/32 MP: 1/12
  3630 | D:4      | Reached skill level 1 in Poison Magic
  4049 | D:4      | Found an ancient bone altar of Kikubaaqudgha.
  4097 | D:4      | Reached XP level 7. HP: 24/34 MP: 8/13
  4223 | D:5      | Entered Level 5 of the Dungeon
  4359 | D:5      | Learned a level 5 spell: Blade Hands
  4521 | D:5      | Found a staircase to the Ecumenical Temple.
  4644 | D:5      | Slain by an orc wizard

Illustrated notes

Levels and vault maps discovered:
D:1:      shiori_arrival_maze, layout_loops_ring, ebering_ecumenical_altar_hall
D:2:      layout_basic, serial_shops, nicolae_shop_stone,
          nicolae_shop_bloodbath_and_beyond, uniq_jessica
D:3:      layout_rooms, nicolae_yredelemnul_corpse_copse,
          nicolae_qazlal_eye_of_the_storm, serial_bayou, serial_bayou_crossing,
          serial_bayou_pond_a, serial_bayou_pond_d, serial_bayou_lagoon_a,
          serial_shops, nicolae_shop_stone, hex_medium
D:4:      layout_loops_ring, lemuel_crystal_altar
D:5:      layout_rooms, minmay_temple_entry_butterflies

Skill      XL: |  1  2  3  4  5  6  7 |
---------------+----------------------+-----
Fighting       | 1 2 3 |  3.1
Dodging        | 2 3 |  3.1
Spellcasting   | 3 4 |  4.0
Transmutations | 3 |  3.8
Invocations    | 1 |  1.9
Unarmed Combat | 4 |  4.5
Poison Magic   | 1 |  1.4

Action                   |  1- 3 |  4- 6 |  7- 9 || total
-------------------------+-------+-------+-------++-------
Melee: Unarmed           |    86 |   189 |    38 ||   313
       Bite              |    21 |    43 |    12 ||    76
       Kick              |     2 |    22 |    13 ||    37
       Headbutt          |       |    17 |    10 ||    27
       Punch             |       |     4 |       ||     4
 Cast: Beastly Appendage |     4 |    17 |     8 ||    29
       Wereblood         |       |     7 |     5 ||    12
Invok: Stomp             |     1 |       |     3 ||     4
 Stab: Paralysed         |       |     2 |       ||     2
       Sleeping          |       |     1 |       ||     1
Armor: Robe              |    19 |    25 |     2 ||    46
Dodge: Dodged            |    51 |    97 |    19 ||   167

Table legend: (Time is in decaauts)
 A = Elapsed time spent in this place.
 B = Non-inter-level travel time spent in this place.
 C = Inter-level travel time spent in this place.
 D = Time resting spent in this place.
 E = Time spent auto-exploring this place.
 F = Levels seen in this place.
 G = Mean time per level.
                   A        B        C        D        E       F      G
               +--------+--------+--------+--------+--------+-----+--------+
         Total |   4641 |   4544 |     97 |    285 |   3447 |   5 |  928.2 |
       Dungeon |   4641 |   4544 |     97 |    285 |   3447 |   5 |  928.2 |
               +--------+--------+--------+--------+--------+-----+--------+

Top non-repeatable levels by time:
     D:1: 1410 daAuts
     D:2: 1061 daAuts
     D:4: 1039 daAuts
     D:3: 713 daAuts
     D:5: 417 daAuts
